 Dungeon Crawl Stone Soup version 0.23.0-33-g5e6c059 (webtiles) character file.

Game seed: 13510603937947345105

154 night the Insei (level 5, -3/60 HPs)
             Began as a Demonspawn Transmuter on Feb 26, 2019.
             Killed from afar by an orc wizard (7 damage)
             ... with a magic dart
             ... on level 3 of the Dungeon.
             The game lasted 00:06:56 (3316 turns).

night the Insei (Demonspawn Transmuter)             Turns: 3316, Time: 00:07:03

Health: -3/60      AC:  2    Str: 16    XL:     5   Next: 13%
Magic:  0/8        EV: 11    Int: 14    God:
Gold:   150        SH:  3    Dex: 14    Spells: 5/8 levels left

rFire    + . .     SeeInvis .     - Unarmed
rCold    + . .     Gourm    .   h - +0 buckler
rNeg     . . .     Faith    .   b - +0 robe
rPois    +         Spirit   +   (helmet restricted)
rElec    +         Reflect  .   (no cloak)
rCorr    +         Harm     .   (no gloves)
MR       .....                  (no boots)
Stlth    ..........             (no amulet)
HPRegen  0.20/turn              n - ring of wizardry
MPRegen  0.11/turn              (no ring)

@: berserking, resistant, very slightly contaminated, very quick
A: horns 1, foul stench 1, magic shield, rot immunity
a: no special abilities


You were on level 3 of the Dungeon.
You were not hungry.

You visited 1 branch of the dungeon, and saw 3 of its levels.

You collected 150 gold pieces.

Inventory:

Missiles
 a - 62 arrows
 f - 127 stones (quivered)
Armour
 b - a +0 robe (worn)
 h - a +0 buckler (worn)
Jewellery
 n - a ring of wizardry (left hand)
Scrolls
 e - 4 scrolls of teleportation {unknown}
 g - 2 scrolls of amnesia {unknown}
 j - a scroll of fear {unknown}
 k - 3 scrolls of identify
 m - a scroll of remove curse
 p - a scroll of blinking {unknown}
Potions
 c - a potion of brilliance
 q - a potion of flight {unknown}
Comestibles
 d - 5 rations
 i - 5 chunks of flesh


   Skills:
 + Level 2.8 Fighting
 - Level 1.7 Dodging
 * Level 4.6 Unarmed Combat
 - Level 2.0 Spellcasting
 - Level 1.7 Transmutations


You had 5 spell levels left.
You knew the following spells:

 Your Spells              Type           Power        Failure   Level  Hunger
a - Beastly Appendage     Tmut           #.....       8%          1    ##.....
b - Sticks to Snakes      Tmut           #.......     12%         2    ###....

Your spell library contained the following spells:

 Spells                   Type           Power        Failure   Level  Hunger
 Spider Form              Tmut/Pois      #.........   32%         3    ####...
 Ice Form                 Ice/Tmut       #.......     69%         4    #####..
 Blade Hands              Tmut           #.........   88%         5    ######.


Dungeon Overview and Level Annotations

Branches:
Dungeon (3/15)

Altars:
Dithmenos
Nemelex Xobeh
Trog
Xom


Innate Abilities, Weirdness & Mutations

You have a pair of small horns on your head.
You may emit foul miasma when damaged in melee.
When hurt, damage is shared between your health and your magic reserves.
You are immune to rotting.


Message History

The bat hits you but does no damage.
The orc wizard casts a spell.
The orc wizard seems to speed up.
You see here a +0 short sword of venom.
You closely miss the bat.
The bat is moderately wounded.
The bat misses you. The bat hits you but does no damage.
It was a potion of resistance.
You feel protected. The bat barely misses you.
The orc wizard casts a spell at you. You resist with some effort.
The bat hits you but does no damage.
It was a potion of berserk rage.
A red film seems to cover your vision as you go berserk!
You feel yourself moving faster!
You feel mighty! The bat closely misses you. The orc wizard misses you.
The orc completely misses you.
The orc wizard points at you and mumbles some strange words.
The magic dart hits you!
You die...

.#.......# .#
........b#####.#
#......o....#.#
##....ยง####.#.#
#.....## #[..#
#......###...##
#..........o..#####
.........###o........
###.....## #.@#######
#.##### #b.# #. #..#
# #######..#
.........#
#########.######
.................
###.########..#######
...# #..#


You could see an orc wizard, an orc and a bat.

Vanquished Creatures
  A gnoll (D:1)
  4 adders
  2 dart slugs
  2 leopard geckos
  3 orcs (D:3)
  12 bats
  4 giant cockroaches
  5 goblins
  11 hobgoblins
  5 jackals
  11 kobolds
  3 quokkas
  A ball python (D:2)
  3 frilled lizards
  8 rats
75 creatures vanquished.

Vanquished Creatures (collateral kills)
  Jessica (D:2)
1 creature vanquished.

Grand Total: 76 creatures vanquished

Notes
Turn   | Place    | Note
-------+----------+-------------------------------------------
     0 | D:1      | night the Demonspawn Transmuter began the quest for the
                  | Orb.
     0 | D:1      | Reached XP level 1. HP: 15/15 MP: 3/3
    52 | D:1      | Reached skill level 3 in Unarmed Combat
   280 | D:1      | Gained mutation: You have a pair of small horns on your
                  | head. [demonic ancestry]
   280 | D:1      | Reached XP level 2. HP: 18/21 MP: 5/5
  1177 | D:1      | Gained mutation: You are immune to rotting. [demonic
                  | ancestry]
  1177 | D:1      | Reached XP level 3. HP: 27/27 MP: 6/6
  1409 | D:1      | Learned a level 2 spell: Sticks to Snakes
  1427 | D:2      | Noticed Jessica
  1433 | D:2      | Killed Jessica
  1541 | D:2      | Reached skill level 4 in Unarmed Combat
  1541 | D:2      | Gained mutation: You may emit foul miasma when damaged in
                  | melee. [demonic ancestry]
  1541 | D:2      | Reached XP level 4. HP: 31/33 MP: 4/7
  1675 | D:2      | Found a shadowy altar of Dithmenos.
  2135 | D:2      | Found a sparkling altar of Nemelex Xobeh.
  2695 | D:2      | Found a shimmering altar of Xom.
  3124 | D:3      | Gained mutation: When hurt, damage is shared between your
                  | health and your magic reserves. [demonic ancestry]
  3124 | D:3      | Reached XP level 5. HP: 39/39 MP: 8/8
  3300 | D:3      | Found a bloodstained altar of Trog.
  3310 | D:3      | HP: 1/40 [orc wizard/magic dart (5)]
  3316 | D:3      | Killed from afar by an orc wizard

Skill      XL: |  1  2  3 |
---------------+----------+-----
Unarmed Combat | 3 4 |  4.6
Fighting       | 2 |  2.8
Dodging        | |  1.7
Spellcasting   | |  2.0
Transmutations | |  1.7

Action                   |  1- 3 |  4- 6 || total
-------------------------+-------+-------++-------
Melee: Unarmed           |    90 |   129 ||   219
       Headbutt          |     8 |    17 ||    25
       Kick              |     3 |     7 ||    10
 Cast: Beastly Appendage |     1 |     4 ||     5
       Sticks to Snakes  |     2 |     2 ||     4
  Use: Potion            |     1 |     2 ||     3
       Scroll            |       |     2 ||     2
 Stab: Sleeping          |     1 |       ||     1
  Eat: Chunk             |     2 |     6 ||     8
Armor: Robe              |    21 |    25 ||    46
Dodge: Dodged            |    43 |    91 ||   134
Block: Buckler           |    15 |    22 ||    37
